 Dungeon Crawl Stone Soup version 0.25-a0-992-gca090100c3 (webtiles) character file.

Game seed: 14759492349618125447, levelgen mode: deterministic

54 Flugslaktarn the Shield-Bearer (level 3, 32/33 HPs)
             Began as a Minotaur Fighter on May 11, 2020.
             Quit the game on level 2 of the Dungeon.
             The game lasted 00:00:32 (802 turns).

Flugslaktarn the Shield-Bearer (Minotaur Fighter)    Turns: 802, Time: 00:00:32

Health: 32/33      AC:  7    Str: 20    XL:     3   Next: 66%
Magic:  2/2        EV:  7    Int:  5    God:
Gold:   5          SH:  9    Dex: 10    Spells: 2/2 levels left

rFire    . . .     SeeInvis .   a - +0 war axe
rCold    . . .     Gourm    .   c - +0 kite shield
rNeg     . . .     Faith    .   b - +0 scale mail
rPois    .         Spirit   .   (helmet restricted)
rElec    .         Reflect  .   (no cloak)
rCorr    .         Harm     .   (no gloves)
MR       .....                  (no boots)
Stlth    ..........             (no amulet)
HPRegen  0.11/turn              (no ring)
MPRegen  0.08/turn              (no ring)

@: no status effects
A: retaliatory headbutt, horns 2
a: no special abilities


You were on level 2 of the Dungeon.
You were not hungry.

You visited 1 branch of the dungeon, and saw 2 of its levels.

You collected 5 gold pieces.

Inventory:

Hand Weapons
 a - a +0 war axe (weapon)
Armour
 b - a +0 scale mail (worn)
 c - a +0 kite shield (worn)
Scrolls
 f - 2 scrolls of noise {unknown}
 h - 2 scrolls of teleportation {unknown}
 i - a scroll of identify {unknown}
 k - a scroll of fog {unknown}
Potions
 d - a potion of might
 j - a potion of degeneration {unknown}
 l - 2 potions of haste {unknown}
 m - a potion of curing {unknown}
Comestibles
 e - 4 rations


   Skills:
 + Level 4.1 Fighting
 * Level 3.6 Axes
 + Level 4.1 Armour
 + Level 4.1 Shields


You had 2 spell levels left.
You didn't know any spells.
Your spell library was empty.

Dungeon Overview and Level Annotations

Branches:
Dungeon (2/15)

Altars:
Cheibriados


Innate Abilities, Weirdness & Mutations

You reflexively headbutt those who attack you in melee.
You have a pair of horns on your head.


Message History

a +0 club; an uncursed ring of wizardry
Things that are here:
a +0 club; a frilled lizard skeleton
Things that are here:
a +0 dagger; a goblin skeleton You see here a +0 club.
Things that are here:
a +0 dagger; a +0 club; a goblin skeleton You see here a stone.
A giant cockroach comes into view.
You block the giant cockroach's attack.
A giant cockroach is nearby!
You barely miss the giant cockroach. You block the giant cockroach's attack.
The giant cockroach bites you but does no damage.
You hit the giant cockroach but do no damage.
The giant cockroach bites you.
You slash the giant cockroach!
You kill the giant cockroach!
No target in view!
Are you sure you want to abandon this character and quit the game? (Confirm with "yes".)

### ## #.. #.# #.###
#.# ##### #.##. ##
#.###...# #.##. #.#
##......# #....
###.###.###...####.##.
#....#.## ##.......##.
#@## ########.##.
#................##.
#$#################.
#. ### #. . ....# #.
## #.....# ##
.##.#.#.######
.............
#.#.#.#..###


There were no monsters in sight!

Vanquished Creatures
  Robin (D:2)
  An adder (D:2)
  2 ball pythons
  3 giant cockroaches
  11 goblins
  3 hobgoblins (D:2)
  3 jackals (D:1)
  A frilled lizard (D:2)
  3 kobolds
  2 rats (D:1)
30 creatures vanquished.

Notes
Turn   | Place    | Note
-------+----------+-------------------------------------------
     0 | D:1      | Flugslaktarn the Minotaur Fighter began the quest for the
                  | Orb.
     0 | D:1      | Reached XP level 1. HP: 19/19 MP: 0/0
   170 | D:1      | Reached XP level 2. HP: 27/27 MP: 1/1
   382 | D:2      | Noticed Robin
   389 | D:2      | Reached XP level 3. HP: 30/33 MP: 2/2
   398 | D:2      | Killed Robin
   469 | D:2      | Found a snail-covered altar of Cheibriados.
   802 | D:2      | Quit the game

Illustrated notes

Levels and vault maps discovered:
D:1:      mrwooster_arrival_statue, layout_basic
D:2:      layout_loops_ring, lemuel_blue_sif_altar,
          lemuel_coloured_pillars_altar, first_ration, corexii_corridor_pit,
          item_on_display_a, uniq_robin

Skill      XL: |  1  2  3 |
---------------+----------+-----
Axes           | 3 |  3.6
Fighting       | 4 |  4.1
Shields        | 4 |  4.1
Armour         | 4 |  4.1

Action                   || total
-------------------------++-------
Melee: War axe           ||    50
       Headbutt          ||     6
Armor: Scale mail        ||    40
Dodge: Dodged            ||    20
Block: Kite shield       ||    32

Table legend:
 A = Non-vault XP
 B = Vault XP
 C = Vault XP percentage of total XP
 D = Non-vault monster count
 E = Vault monster count
 F = Vault count percentage of total count
                 A         B        C        D         E       F
            +---------+---------+-------+---------+---------+-------
      Total |      39 |      39 |  50.0 |      17 |      13 |  43.3
            +---------+---------+-------+---------+---------+-------
        D:1 |      15 |       0 |   0.0 |       9 |       0 |   0.0
        D:2 |      24 |      39 |  61.9 |       8 |      13 |  61.9
            +---------+---------+-------+---------+---------+-------
